 Dungeon Crawl Stone Soup version 0.28.0-53-g5a82cb258f (webtiles) character file.

Game seed: 16153367120710354306

14 Lemuel the Ducker (level 2, -1/22 HPs)
             Began as a Demonspawn Gladiator on June 26, 2022.
             Slain by Sigmund
             ... wielding a +0 scythe
              (4 damage)
             ... on level 2 of the Dungeon.
             The game lasted 00:01:41 (1087 turns).

Lemuel the Ducker (Demonspawn Gladiator)            Turns: 1087, Time: 00:01:42

Health: -1/22      AC:  5    Str: 14    XL:     2   Next: 31%
Magic:  2/2        EV: 12    Int:  9    God:
Gold:   83         SH:  0    Dex: 14    Spells: 1/1 levels left

rFire   . . .      SeeInvis .   e - +0 hand axe (freeze)
rCold   . . .      Faith    .   (no shield)
rNeg    . . .      Spirit   .   b - +0 leather armour
rPois   .          Reflect  .   j - +1 helmet
rElec   .          Harm     .   (no cloak)
rCorr   .          Rampage  .   (no gloves)
Will    .....                   (no boots)
Stlth   +.........              (no amulet)
HPRegen 0.07/turn               (no ring)
MPRegen 0.08/turn               (no ring)

@: no status effects
A: weakness stinger 1
a: no special abilities


You were on level 2 of the Dungeon.
You visited 1 branch of the dungeon, and saw 2 of its levels.

You collected 83 gold pieces.

Inventory:

Hand Weapons
 a - a +0 war axe
 e - a +0 hand axe of freezing (weapon)
Missiles
 d - 3 throwing nets (quivered)
Armour
 b - a +0 leather armour (worn)
 c - a +0 helmet
 j - a +1 helmet (worn)
Jewellery
 l - a ring of resist corrosion
Scrolls
 f - 2 scrolls of teleportation {unknown}
 g - a scroll of identify {unknown}
 h - a scroll of holy word {unknown}
Potions
 i - a potion of heal wounds {unknown}
 k - a potion of lignification {unknown}


   Skills:
 * Level 2.2 Fighting
 * Level 2.9 Axes
 + Level 1.9 Throwing
 + Level 0.1 Armour
 + Level 3.0 Dodging


You had one spell level left.
You didn't know any spells.
Your spell library was empty.

Dungeon Overview and Level Annotations

Branches:
Dungeon (2/15)

Altars:

Annotations:
D:2 Sigmund


Innate Abilities, Weirdness & Mutations

You have a small tail.


Message History

Things that are here:
a +2 vampiric dagger; a kobold corpse
Found a stone staircase leading down.
Found a scroll labelled WACRICZ TOIRPH.
f - 2 scrolls labelled WACRICZ TOIRPH (gained 1)
A rat comes into view.
You hit the rat but do no damage. The rat closely misses you.
You hit the rat. You freeze the rat.
You kill the rat!
Found 15 gold pieces.
Found 14 gold pieces.
You now have 69 gold pieces (gained 15).
Found a ring mail.
Found a purple potion.
You now have 83 gold pieces (gained 14).
k - a purple potion
Found a stone staircase leading down.
Things that are here:
a +2 vampiric dagger; a kobold corpse
l - a ring of resist corrosion Sigmund shouts!
Sigmund mumbles some strange words.
Sigmund flickers and vanishes!
Deactivating autopickup; reactivate with Ctrl-A.
Something hits you. Something hits you!
Ouch! That really hurt!
You barely miss something.
Your tail-slap misses something.
You barely miss something. Something hits you.
* * * LOW HITPOINT WARNING * * *
You barely miss something.
Your tail-slap misses something.
Something hits you.
* * * LOW HITPOINT WARNING * * *
You hit something. You freeze something.
Your tail-slap misses something.
Something hits you but does no damage.
You closely miss something.
Your tail-slap misses something.
You hit something. You freeze something.
Your tail-slap misses something.
Something hits you.
* * * LOW HITPOINT WARNING * * *
You closely miss something. Something hits you.
You die...

##### ### #... ..
########.####### #.
###..............######?####
............................
.........##{####..####.#####
##.#####.##@# # # #.##.# #..
#.# #.##.# #..####.#####
#.##.# ............ #.##.#
...##...... #.##.#
#..##.#####
#######.##.######..##.#
................#..##.#
#######.#.............#


There were no monsters in sight!

Vanquished Creatures
  A dart slug (D:1)
  An endoplasm (D:1)
  A giant cockroach (D:1)
  A goblin (D:1)
  A hobgoblin (D:1)
  2 kobolds
  2 bats
  A frilled lizard (D:1)
  2 rats
12 creatures vanquished.

Notes
Turn   | Place    | Note
-------+----------+-------------------------------------------
     0 | D:1      | Lemuel the Demonspawn Gladiator began the quest for the
                  | Orb.
     0 | D:1      | Reached XP level 1. HP: 16/16 MP: 1/1
   372 | D:1      | Gained mutation: You have a small tail. [demonic ancestry]
   372 | D:1      | Reached XP level 2. HP: 22/22 MP: 2/2
   862 | D:2      | Reached skill level 3 in Dodging
   892 | D:2      | Noticed Sigmund
   922 | D:2      | Found a faded altar of an unknown god.
  1087 | D:2      | Slain by Sigmund

Illustrated notes

Levels and vault maps discovered:
D:1:      dpeg_arrival_connections, layout_basic, fountainhead
D:2:      layout_loops_ring, basic_ecumenical_altar, uniq_sigmund

Skill      XL: |  1  2 |
---------------+-------+-----
Dodging        | 3 |  3.0
Fighting       | |  2.2
Axes           | |  2.9
Throwing       | |  1.9
Armour         | |  0.1

Action                   || total
-------------------------++-------
Melee: Hand axe          ||    32
       War axe           ||     1
       Tailslap          ||     1
 Stab: Sleeping          ||     1
Armor: Leather armour    ||    11
Dodge: Dodged            ||    22
